AoeStats
← boltor2

Hideout

507372415Analyzed
1v1 RM · 26d ago on Sep 17, 2026· 42m 58s· 2 players
Game mode
Random Map
Map size
Tiny (2 player)
Population
200
Speed
Normal
Resources
Standard
Victory
Conquest
Starting age
Dark Age
Ending age
Imperial Age
RankedLock teamsTeams togetherTeam positionsShared explorationLock speedFull tech treeHidden civsTurbo modeCheats
Victory
Defeat
🇮🇪 Koreans · Ireland
1054
+15
vs
🇺🇸 Vietnamese · United States
1024
-15
boltor2
6:15 Loom
10:10 Feudal Age
11:09 Double-Bit Axe
17:11 Castle Age
14:57 Horse Collar
15:31 Stone Mining
16:10 Gold Mining
16:13 Fletching
18:27 Stone Shaft Mining
19:03 Bow Saw
19:53 Bodkin Arrow
21:55 Padded Archer Armor
22:39 Ballistics
25:11 Wheelbarrow
25:37 Leather Archer Armor
26:54 Elite Skirmisher
28:28 Town Watch
30:45 Thumb Ring
35:25 Imperial Age
34:15 Hand Cart
36:40 Bracer
36:39 Murder Holes
38:22 Two-Man Saw
36:51 Imperial Skirmisher
39:30 Ring Archer Armor
39:37 Treadmill Crane
40:07 Heavy Plow
44:17 Chemistry
BUY AMC
4:23 Loom
10:24 Feudal Age
11:42 Horse Collar
12:51 Double-Bit Axe
15:42 Fletching
20:54 Castle Age
18:59 Stone Mining
20:57 Crossbowman
21:47 Thumb Ring
21:40 Bodkin Arrow
23:40 Wheelbarrow
22:53 Town Watch
24:48 Gold Mining
24:48 Elite Skirmisher
27:36 Heavy Plow
30:30 Ballistics
35:30 Imperial Age
35:20 Hand Cart
36:32 Conscription
37:07 Bracer
39:04 Heavy Rocket Cart
42:07 Scale Barding Armor
43:08 Siege Engineers
44:04 Chemistry
Connection lost

Rejoining the realm…

Still unreachable

The connection could not be restored.

Session expired

The server has moved on; the page needs a fresh start.